 Dungeon Crawl Stone Soup version 0.19-a0-1457-g32fba05 (webtiles) character file.

9636 sveltemanboy the Spear-Bearer (level 11, -12/74 HPs)
             Began as a Demonspawn Gladiator on Sept 3, 2016.
             Was an Initiate of Gozag.
             Killed themself with a badly aimed orb of electricity (26 damage)
             ... on level 11 of the Dungeon on Sept 6, 2016.
             The game lasted 00:42:52 (14351 turns).

sveltemanboy the Spear-Bearer (DsGl)               Turns: 14351, Time: 00:42:53

Health: -12/74     AC: 15    Str: 18    XL:     11   Next: 25%
Magic:  12/12      EV:  9    Int: 11    God:    Gozag
Gold:   143        SH:  0    Dex: 13    Spells: 0 memorised, 10 levels left

rFire  . . .     SeeInvis +     a - +1 trident
rCold  + . .     Gourm    .     D - +0 chain mail
rNeg   . . .     Faith    .     (no shield)
rPois  .         Spirit   .     (helmet restricted)
rElec  .         Dismiss  .     (no cloak)
rCorr  .         Reflect  .     n - +0 pair of gloves
MR     .....     Harm     .     (no boots)
Stlth  .......... Clarity  +    (no amulet)
                                (no ring)
                                l - ring of flight

@: studying Polearms
A: hooves 1, horns 1, icy blue scales 3, see invisible, berserk 1, clarity,
demonic guardian 1, evolution 1
a: Potion Petition, Call Merchant, Bribe Branch, Renounce Religion, Evoke Flight


You were on level 11 of the Dungeon.
You worshipped Gozag.
Gozag was aware of your devotion.
You were not hungry.

You visited 2 branches of the dungeon, and saw 12 of its levels.
You also visited: Sewer.

You collected 1536 gold pieces.
You spent 480 gold pieces at shops.
You paid 913 gold pieces to Gozag.

Inventory:

Hand Weapons
 a - a +1 trident (weapon)
 b - a +0 blowgun
Missiles
 d - a throwing net
 g - 382 stones (quivered)
 k - 80 poisoned needles
Armour
 n - a +0 pair of gloves (worn)
 B - a +0 plate armour of cold resistance
 D - a +0 chain mail (worn)
Jewellery
 l - a ring of flight (left hand)
Wands
 e - a wand of slowing (12/48)
 x - a wand of random effects (11/48)
 C - a wand of polymorph (9/24)
Scrolls
 j - 4 scrolls of identify
 o - 3 scrolls of teleportation
 q - a scroll of remove curse
 w - 3 scrolls of blinking
 y - a scroll of amnesia
 E - 4 scrolls of enchant weapon
Potions
 h - 3 potions of curing
 m - a potion of ambrosia {unknown}
 p - 2 potions of degeneration {unknown}
 s - a potion of cancellation {unknown}
 t - a potion of lignification {unknown}
 v - 2 potions of brilliance {unknown}
 z - a potion of flight {unknown}
 F - a potion of cure mutation
Books
 c - a manual of Polearms
Miscellaneous
 i - a disc of storms
Comestibles
 f - 12 bread rations
 u - a meat ration


   Skills:
 + Level 2.6 Fighting
 * Level 12.3 Polearms
 - Level 5.7 Throwing
 - Level 7.0 Armour
 + Level 3.1 Dodging
   Level 5.0 Shields
 + Level 2.4 Evocations


You had 10 spell levels left.
You didn't know any spells.

Dungeon Overview and Level Annotations

Branches:
Dungeon (11/15)            Temple (1/1) D:7            Lair (0/6) D:8
    Orc: D:9-12

Altars:
Ashenzari
Cheibriados
Dithmenos
Elyvilon
Fedhas
Gozag
Hepliaklqana
Kikubaaqudgha
Makhleb
Nemelex Xobeh
Okawaru
Qazlal
Ru
Sif Muna
Trog
Uskayaw
Vehumet
Xom
Yredelemnul
Zin
The Shining One

Shops:
D:8 :*   D:10 *


Innate Abilities, Weirdness & Mutations

You have large cloven feet.
You are completely covered in icy blue scales. (AC +4, rC+)
A weak demonic guardian rushes to your aid.
You have a pair of small horns on your head.
You have supernaturally acute eyesight. (SInv)
You tend to lose your temper in combat.
You possess an exceptional clarity of mind.
You evolve.


Message History

You are too injured to fight recklessly!
You are too injured to fight recklessly!
You are too injured to fight recklessly!
Evoke which item? (* to show all) (? for menu, Esc to quit)
Zapping:
x - a wand of random effects {zapped: 18} (will waste charges)
Press: ? - help, Shift-Dir - straight line, f/p - manticore
Aim: a manticore (moderately wounded)
The manticore easily resists.
Evoking this partially-identified wand wasted a few charges.
Evoke which item? (* to show all) (? for menu, Esc to quit)
The disc erupts in an explosion of electricity!
You hear a mighty clap of thunder!
The bolt of lightning hits you!
* * * LOW HITPOINT WARNING * * *
The orb of electricity explodes!
The orb of electricity engulfs the manticore.
The manticore is severely wounded.
The orb of electricity engulfs you!
You die...
Your body crumbles into a pile of gold.

#.# #< ...# #.# #. #..#
#.# #. #..###
#.#########. ....
#.........#. ...#
#..######.#. . #..##
#..# #.#.
.(.H####.[##.#..# #...
#ZZO.H@.......# ##.)
######..##.##.# #..
#..##.##.# #..
######..##.##:# #..
...........##.#######..
$
........#####.#........
........#####.#.#####.#
##.#####.......#.#####.#
..............)........#


You could see 2 manticores, an ogre and 2 centaur warrior zombies.

Vanquished Creatures
  Erica (D:11)
  Nergalle (D:11)
  An unseen horror (D:10)
  A hill giant (D:8)
  Pikel (D:9)
  A cyclops (D:11)
  An ugly thing (D:9)
  A troll (D:9)
  2 two-headed ogres
  A wyvern (D:9)
  3 hippogriffs
  Edmund (D:5)
  A water moccasin (D:8)
  2 sky beasts
  4 orc warriors
  A slave (D:9)
  3 phantoms
  A black bear (D:6)
  A necrophage (D:10)
  4 ogres
  3 centaurs
  5 big kobolds
  Blork the orc (D:6)
  7 giant frogs
  2 scorpions
  4 wights
  9 killer bees
  2 howler monkeys
  4 crimson imps
  A centaur zombie (D:11)
  A giant frog skeleton (D:9)
  10 orc priests
  A giant frog zombie (D:9)
  A jelly (D:6)
  4 hounds
  An iguana (D:9)
  10 orc wizards
  10 worker ants
  A killer bee zombie (D:10)
  A hound skeleton (D:4)
  A worker ant zombie (D:7)
  14 adders
  A river rat (D:4)
  3 shadow imps
  11 oozes (Sewer)
  An adder zombie (D:8)
  An adder skeleton (D:4)
  2 dart slugs (D:1)
  18 giant geckos
  41 orcs
  A bat zombie (D:6)
  9 giant cockroaches
  4 goblins
  4 hobgoblins
  9 jackals (D:3)
  27 kobolds
  5 quokkas
  12 ball pythons
  6 bats
  A giant gecko skeleton (D:5)
  20 giant newts
  6 rats
307 creatures vanquished.

Vanquished Creatures (collateral kills)
  A centaur skeleton (D:9)
  A spriggan (D:7)
  A necrophage (D:8)
  4 ogres
  A scorpion (D:4)
  A giant frog skeleton (D:9)
  2 orc wizards
  An adder (D:7)
  A giant gecko (D:8)
  5 orcs
  3 kobolds (D:8)
21 creatures vanquished.

Vanquished Creatures (others)
  A slave (D:9)
1 creature vanquished.

Grand Total: 329 creatures vanquished

Notes
Turn   | Place    | Note
-------+----------+-------------------------------------------
     0 | D:1      | sveltemanboy the Demonspawn Gladiator began the quest for the Orb.
     0 | D:1      | Reached XP level 1. HP: 16/16 MP: 1/1
    50 | D:1      | Reached skill level 3 in Polearms
    61 | D:1      | Gained mutation: You are partially covered in icy blue scales. (AC +2) [demonic ancestry]
    61 | D:1      | Reached XP level 2. HP: 22/22 MP: 2/2
   371 | D:1      | Reached skill level 1 in Armour
   662 | D:2      | Reached XP level 3. HP: 27/27 MP: 3/3
  1488 | D:3      | Reached skill level 4 in Polearms
  1488 | D:3      | Gained mutation: You are mostly covered in icy blue scales. (AC +3) [demonic ancestry]
  1488 | D:3      | Reached XP level 4. HP: 30/33 MP: 4/4
  2295 | D:4      | Found a glowing drain.
  2299 | Sewer    | Entered a sewer
  2316 | Sewer    | Reached XP level 5. HP: 25/38 MP: 5/5
  2326 | Sewer    | Reached skill level 1 in Shields
  3071 | Sewer    | Reached skill level 5 in Polearms
  3397 | Sewer    | Gained mutation: You tend to lose your temper in combat. [potion of mutation]
  3397 | Sewer    | Gained mutation: You expend magic power (3 MP) to strengthen your wands. [potion of mutation]
  3397 | Sewer    | Gained mutation: You possess an exceptional clarity of mind. [potion of mutation]
  3398 | Sewer    | Lost mutation: You tend to lose your temper in combat. [potion of cure mutation]
  3398 | Sewer    | Lost mutation: You expend magic power (3 MP) to strengthen your wands. [potion of cure mutation]
  3398 | Sewer    | Lost mutation: You possess an exceptional clarity of mind. [potion of cure mutation]
  3401 | Sewer    | Reached XP level 6. HP: 36/44 MP: 6/6
  3637 | D:4      | Gained mutation: You tend to lose your temper in combat. [potion of mutation]
  3637 | D:4      | Gained mutation: You possess an exceptional clarity of mind. [potion of mutation]
  3637 | D:4      | Gained mutation: You have supernaturally acute eyesight. (SInv) [potion of mutation]
  3638 | D:4      | Gained mutation: Your magical capacity is low. (-10% MP) [potion of mutation]
  3638 | D:4      | Lost mutation: Your magical capacity is low. (-10% MP) [potion of mutation]
  3680 | D:4      | Reached skill level 6 in Polearms
  4130 | D:4      | Gained mutation: A weak demonic guardian rushes to your aid. [demonic ancestry]
  4130 | D:4      | Reached XP level 7. HP: 49/50 MP: 7/7
  5213 | D:5      | Entered Level 5 of the Dungeon
  5230 | D:5      | Reached skill level 7 in Polearms
  5517 | D:5      | Found a deep blue altar of Sif Muna.
  5653 | D:5      | Noticed Edmund
  5672 | D:5      | Killed Edmund
  5672 | D:5      | Reached XP level 8. HP: 37/56 MP: 8/8
  5844 | D:5      | Found a shadowy altar of Dithmenos.
  6441 | D:6      | Reached skill level 8 in Polearms
  7108 | D:6      | Noticed Blork the orc
  7114 | D:6      | Killed Blork the orc
  7119 | D:6      | Gained mutation: You are agile. (Dex +2) [potion of mutation]
  7119 | D:6      | Gained mutation: You evolve. [potion of mutation]
  7119 | D:6      | Lost mutation: You are agile. (Dex +2) [potion of mutation]
  7234 | D:6      | Found a sacrificial altar of Ru.
  7331 | D:6      | Found an ancient bone altar of Kikubaaqudgha.
  7557 | D:7      | Found a hide-covered altar of Uskayaw.
  7642 | D:7      | Reached skill level 5 in Shields
  7945 | D:7      | Found a staircase to the Ecumenical Temple.
  7950 | D:7      | Reached XP level 9. HP: 61/61 MP: 9/9
  7961 | Temple   | Entered the Ecumenical Temple
  8348 | D:7      | Reached skill level 9 in Polearms
  8368 | D:7      | Found a white marble altar of Elyvilon.
  8527 | D:7      | Found an opulent altar of Gozag.
  8681 | D:7      | Became a worshipper of Gozag Ym Sagoz the Greedy
  8706 | D:8      | Found a basalt altar of Yredelemnul.
  8720 | D:8      | Found Zin's Purification Station.
  8726 | D:8      | Found a glowing silver altar of Zin.
  8934 | D:8      | Found an iron altar of Okawaru.
  9106 | D:8      | Found a staircase to the Lair.
  9340 | D:8      | Noticed a hill giant
  9377 | D:8      | Killed a hill giant
  9377 | D:8      | Reached skill level 5 in Armour
  9434 | D:8      | Found a stormy altar of Qazlal.
  9541 | D:8      | Found Kadeos's Book Emporium.
  9611 | D:8      | Reached skill level 10 in Polearms
 10047 | D:9      | Noticed Pikel
 10075 | D:9      | Killed Pikel
 10075 | D:9      | Gained mutation: You are completely covered in icy blue scales. (AC +4, rC+) [demonic ancestry]
 10075 | D:9      | Reached XP level 10. HP: 64/67 MP: 10/10
 10274 | D:9      | Found a glowing golden altar of the Shining One.
 10934 | D:9      | Noticed a brown ugly thing
 10957 | D:9      | Killed a brown ugly thing
 10957 | D:9      | Reached skill level 11 in Polearms
 10957 | D:9      | Reached skill level 5 in Throwing
 11479 | D:10     | Entered Level 10 of the Dungeon
 11980 | D:10     | Noticed an unseen horror
 11996 | D:10     | Killed an unseen horror
 12149 | D:10     | Gained mutation: You have a pair of small horns on your head. [evolution]
 12756 | D:10     | Found a blossoming altar of Fedhas.
 13055 | D:10     | Found a burning altar of Makhleb.
 13129 | D:10     | Upgraded the game from 0.19-a0-1384-gbb462ca to 0.19-a0-1457-g32fba05
 13333 | D:11     | Noticed Erica
 13342 | D:11     | Killed Erica
 13342 | D:11     | Reached skill level 1 in Evocations
 13342 | D:11     | Gained mutation: You have large cloven feet. [demonic ancestry]
 13342 | D:11     | Reached XP level 11. HP: 72/72 MP: 11/11
 13473 | D:11     | Reached skill level 12 in Polearms
 13854 | D:10     | Bought a leatherbound manual for 480 gold pieces
 13977 | D:11     | Noticed Nergalle
 14001 | D:11     | Killed Nergalle
 14351 | D:11     | Killed themself with a badly aimed orb of electricity

Vault maps used:
D:1:      minmay_arrival_semitransparent
D:2:      kennysheep_cluttered_room
D:4:      gup_sewer_entry_bowl
D:5:      nicolae_overflow_crystal_walls, kennysheep_mini_moat, first_bread,
          uniq_edmund
D:6:      marbit_many_paths, lemuel_zombie_altar_kikubaaqudgha,
          hangedman_decor_diamond_cutter, uniq_blork_the_orc
D:7:      elyvilon_altar_4, kennysheep_little_box, old_standard_altar,
          the_bakery
D:8:      lemuel_crystal_altar, zin_purify, nicolae_overflow_hidden_temple,
          old_standard_altar, lair_0_dummy, serial_shops,
          nicolae_shop_window_shopping
D:9:      nicolae_tso_carved_into_rock, item_on_display_b, uniq_pikel
D:10:     basic_altar, bloody_makhleb
D:11:     uniq_nergalle, uniq_erica, uniq_maurice
Temple:   compressed_dpeg_triangle_lava_temple
Sewer:    sewer_frog_island_02

Skill      XL: |  1  2  3  4  5  6  7  8  9 10 11 |
---------------+----------------------------------+-----
Polearms       | 3 4 5 6 7 8 10 11 12 | 12.3
Armour         | 1 2 4 5 6 7 |  7.0
Shields        | 2 3 5 |  5.0
Throwing       | 2 4 5 |  5.7
Evocations     | 1 2 |  2.4
Dodging        | 3 |  3.1
Fighting       | |  2.6

Action                   |  1- 3 |  4- 6 |  7- 9 | 10-12 || total
-------------------------+-------+-------+-------+-------++-------
Melee: Trident           |   159 |   361 |   546 |   505 ||  1571
       Headbutt          |       |       |       |    31 ||    31
       Kick              |       |       |       |    33 ||    33
 Fire: Blowgun           |       |       |     3 |   116 ||   119
Throw: Stone             |    79 |    63 |    88 |    11 ||   241
       Throwing net      |     1 |     2 |     3 |       ||     6
Invok: Potion Petition   |       |       |       |     1 ||     1
       Call Merchant     |       |       |       |     1 ||     1
Evoke: Wand              |       |       |    10 |     8 ||    18
       Disc of storms    |       |       |       |     2 ||     2
  Use: Potion            |       |     7 |     4 |     4 ||    15
       Scroll            |       |       |    10 |     4 ||    14
 Stab: Held in net/web   |       |       |     2 |       ||     2
       Distracted        |       |       |     1 |     3 ||     4
  Eat: Chunk             |     2 |    10 |    14 |       ||    26
       Pizza             |       |       |     2 |       ||     2
       Beef jerky        |       |       |     2 |       ||     2
       Royal jelly       |       |       |     1 |       ||     1
       Meat ration       |       |       |       |     3 ||     3
Armor: Leather armour    |    28 |       |     2 |       ||    30
       Ring mail         |    41 |   157 |   139 |   118 ||   455
       Chain mail        |       |       |       |    38 ||    38
Dodge: Dodged            |    97 |   225 |   195 |   205 ||   722
